 Dungeon Crawl Stone Soup version 0.22.0-38-g04b72b8c25 (webtiles) character file.

263 Gunterle the Skirmisher (level 5, -1/42 HPs)
             Began as a Mummy Fighter on Aug 26, 2018.
             Slain by a sky beast (5 damage)
             ... on level 2 of the Dungeon.
             The game lasted 00:10:36 (4067 turns).

Gunterle the Skirmisher (Mummy Fighter)             Turns: 4067, Time: 00:10:36

Health: -1/42      AC:  9    Str: 21    XL:     5   Next: 97%
Magic:  5/5        EV:  7    Int:  7    God:
Gold:   193        SH:  9    Dex: 11    Spells: 4/4 levels left

rFire    x . .     SeeInvis .   a - +0 long sword
rCold    + . .     Gourm    .   c - +0 shield
rNeg     + + +     Faith    .   b - +0 scale mail
rPois    ∞         Spirit   .   (no helmet)
rElec    .         Reflect  .   (no cloak)
rCorr    .         Harm     .   g - +0 pair of gloves (curse)
MR       .....                  p - +0 pair of boots
Stlth    ..........             (no amulet)
HPRegen  0.14/turn              (no ring)
MPRegen  0.09/turn              (no ring)

@: no status effects
A: no food or potions, fire vulnerability, cold resistance 1, negative energy
resistance 3, torment resistance, unbreathing
a: no special abilities


You were on level 2 of the Dungeon.
You were not hungry.

You visited 1 branch of the dungeon, and saw 4 of its levels.

You collected 193 gold pieces.

Inventory:

Hand Weapons
 a - a +0 long sword (weapon)
 j - a +1 spear of venom
 n - a +0 hunting sling
Missiles
 d - 115 stones (quivered)
 f - 35 arrows
 h - 32 bolts
 m - 8 poisoned needles
Armour
 b - a +0 scale mail (worn)
 c - a +0 shield (worn)
 g - a cursed +0 pair of gloves (worn)
 p - a +0 pair of boots (worn)
Wands
 l - a wand of digging (15)
Scrolls
 e - a scroll of noise
 i - a scroll of magic mapping
 k - 3 scrolls of immolation
 o - a scroll of teleportation
 q - a scroll of amnesia {unknown}


   Skills:
 + Level 4.2 Fighting
 * Level 3.8 Long Blades
 + Level 3.4 Armour
 - Level 2.4 Shields


You had 4 spell levels left.
You didn't know any spells.
Your spell library contained the following spells:

 Spells                   Type           Power        Failure   Level  Hunger
 Magic Dart               Conj           #...         100%        1    N/A
 Blink                    Tloc           N/A          100%        2    N/A
 Call Imp                 Summ           #.......     100%        2    N/A
 Slow                     Hex            #.......     100%        2    N/A
 Conjure Flame            Conj/Fire      #.......     100%        3    N/A
 Mephitic Cloud           Conj/Pois/Air  #.......     100%        3    N/A

Dungeon Overview and Level Annotations

Branches:
Dungeon (4/15)
 Temple: D:4-7

Altars:


Innate Abilities, Weirdness & Mutations

You do not eat or drink.
Your flesh is vulnerable to fire.
You are immune to poison.
Your flesh is cold resistant. (rC+)
You are immune to negative energy. (rN+++)
You are immune to unholy pain and torment.
You can survive without breathing.


Message History

Deactivating autopickup; reactivate with Ctrl-A.
Something hits you but does no damage.
Your shield prevents you from hitting something.
Something hits you.
* * * LOW HITPOINT WARNING * * *
Something shocks you.
* * * LOW HITPOINT WARNING * * *
Something hits you but does no damage.
A sky beast appears from thin air!
Reactivating autopickup.
The sky beast flickers out of sight!
Deactivating autopickup; reactivate with Ctrl-A.
A sky beast appears from thin air!
Reactivating autopickup.
You closely miss the sky beast.
The sky beast is severely wounded.
The sky beast hits you.
* * * LOW HITPOINT WARNING * * *
The sky beast shocks you.
You die...

##################
#.Y...............
#@###############.
#.# #. #.# #. #.#
#. #.# #. #.#
#########. #.#
#......... #.#
#......... #.#
#.........


You could see a sky beast.

Vanquished Creatures
  A phantom (D:3)
  7 gnolls
  2 adders (D:3)
  An adder skeleton (D:3)
  4 worms
  A dart slug (D:1)
  A leopard gecko (D:3)
  3 orcs
  11 bats
  2 giant cockroaches
  9 hobgoblins
  11 jackals
  5 kobolds
  A ball python (D:1)
  3 frilled lizards
  12 goblins
  3 rats
77 creatures vanquished.

Notes
Turn   | Place    | Note
-------+----------+-------------------------------------------
     0 | D:1      | Gunterle the Mummy Fighter began the quest for the Orb.
     0 | D:1      | Reached XP level 1. HP: 18/18 MP: 1/1
   234 | D:1      | Reached XP level 2. HP: 23/24 MP: 2/2
  1139 | D:2      | Reached XP level 3. HP: 29/29 MP: 3/3
  2361 | D:3      | Reached XP level 4. HP: 35/35 MP: 4/4
  3032 | D:3      | Reached XP level 5. HP: 42/42 MP: 5/5
  3124 | D:3      | Noticed a phantom
  3144 | D:3      | Killed a phantom
  3144 | D:3      | Reached skill level 4 in Fighting
  3893 | D:4      | Noticed a sky beast
  4067 | D:2      | Slain by a sky beast

Skill      XL: |  1  2  3  4  5 |
---------------+----------------+-----
Long Blades    | 2 3 |  3.8
Armour         | 3 |  3.4
Fighting       | 4 |  4.2
Shields        | |  2.4

Action                   |  1- 3 |  4- 6 || total
-------------------------+-------+-------++-------
Melee: Long sword        |   155 |   171 ||   326
Throw: Stone             |       |     2 ||     2
  Use: Scroll            |     5 |     1 ||     6
Armor: Scale mail        |    69 |    80 ||   149
Dodge: Dodged            |    52 |    43 ||    95
Block: Shield            |    70 |    92 ||   162
       Rpst.: Long sword |    20 |     8 ||    28
